 Dungeon Crawl Stone Soup version 0.28.0 (webtiles) character file.

Game seed: 1724786654431883804

187 RighteousDevil the Ruffian (level 5, 0/54 HPs)
             Began as a Troll Monk on Feb 15, 2022.
             Succumbed to Sigmund's poison
             ... on level 3 of the Dungeon.
             The game lasted 00:02:02 (1692 turns).

RighteousDevil the Ruffian (Troll Monk)             Turns: 1692, Time: 00:02:02

Health: 0/54       AC:  4    Str: 21    XL:     5   Next: 39%
Magic:  4/4        EV: 10    Int:  6    God:
Gold:   109        SH:  0    Dex: 12    Spells: 4/4 levels left

rFire   . . .      SeeInvis .     - Unarmed
rCold   . . .      Faith    .   (no shield)
rNeg    . . .      Spirit   .   a - +0 robe
rPois   .          Reflect  .   (helmet restricted)
rElec   .          Harm     .   (no cloak)
rCorr   .          Rampage  .   (gloves unavailable)
Will    .....                   (boots unavailable)
Stlth   ++........              (no amulet)
HPRegen 0.98/turn               (no ring)
MPRegen 0.09/turn               (no ring)

@: lethally poisoned (0 -> -23)
A: large, unfitting armour, claws 3, regeneration 1, shaggy fur 1, tough skin 1
a: no special abilities


You were on level 3 of the Dungeon.
You visited 1 branch of the dungeon, and saw 3 of its levels.

You collected 109 gold pieces.

Inventory:

Hand Weapons
 j - a +0 giant spiked club
Armour
 a - a +0 robe (worn)
Wands
 i - a wand of mindburst (12)
Scrolls
 b - a scroll of fog {unknown}
 d - a scroll of immolation {unknown}
 e - 2 scrolls of identify {unknown}
 g - a scroll of fear {unknown}
Potions
 c - 2 potions of heal wounds {unknown}
 f - a potion of mutation {unknown}
 h - a potion of lignification {unknown}


   Skills:
 + Level 4.0 Fighting
 - Level 2.4 Dodging
 - Level 1.0 Stealth
 + Level 4.8 Unarmed Combat


You had 4 spell levels left.
You didn't know any spells.
Your spell library contained the following spells:

 Spells                   Type           Power      Damage    Failure   Level
 Foxfire                  Conj/Fire      0%         2x1d4     45%         1
 Conjure Flame            Conj/Fire      0%         6-21      83%         3
 Inner Flame              Hex/Fire       0%         N/A       83%         3
 Flame Wave               Conj/Fire      0%         2d4       99%         4


Dungeon Overview and Level Annotations

Branches:
Dungeon (3/15)

Altars:

Shops:
D:1 (   D:3 (


Innate Abilities, Weirdness & Mutations

You are too large for most types of armour.
You have claws for hands.
Your natural rate of healing is unusually fast.
You are covered in fur. (AC +1)
You have tough skin. (AC +1)


Message History

Sigmund is lightly wounded.
You feel sick.
Sigmund hits you with a +2 scythe of venom.
You claw Sigmund!
Sigmund is heavily wounded.
You feel sick. Sigmund closely misses you.
You barely miss Sigmund.
Sigmund is heavily wounded.
You feel sick.
You barely miss Sigmund.
Sigmund is heavily wounded.
You feel sick. Sigmund casts a spell at you. The puff of flame hits you.
You scratch Sigmund but do no damage.
Sigmund is heavily wounded.
Sigmund casts a spell.
Sigmund flickers and vanishes!
Deactivating autopickup; reactivate with Ctrl-A.
You closely miss something.
You feel sick. Something hits you!
You are more poisoned.
You are too injured to fight recklessly!
You are too injured to fight recklessly!
You are too injured to fight recklessly!
You are too injured to fight recklessly!
You claw something! Your claw misses something.
You feel very sick.
You scratch something but do no damage.
You feel very sick. Something hits you.
You are more poisoned.
You closely miss something.
You feel very sick. Something hits you!
* * * LOW HITPOINT WARNING * * *
You are more poisoned.
You scratch something.
Reactivating autopickup.
You feel a bit more experienced.
You die...

#P.#.#
######.#.#
####.###
#......#.#
.......#
#......#.#
######.#
#......#.#
.......#
######.#.#
########
#...# ##..#
#########..#
.....l)@..>#
############


You could see a frilled lizard.

Vanquished Creatures
  Sigmund (D:3)
  An ogre (D:3)
  Terence (D:3)
  An adder (D:3)
  A dart slug (D:2)
  6 endoplasms
  4 giant cockroaches
  8 goblins
  4 hobgoblins
  5 jackals
  9 kobolds
  2 quokkas (D:1)
  5 ball pythons
  5 bats
  3 frilled lizards
  13 rats
69 creatures vanquished.

Vanquished Creatures (others)
  4 plants (D:3)
4 creatures vanquished.

Grand Total: 73 creatures vanquished

Notes
Turn   | Place    | Note
-------+----------+-------------------------------------------
     0 | D:1      | RighteousDevil the Troll Monk began the quest for the Orb.
     0 | D:1      | Reached XP level 1. HP: 22/22 MP: 0/0
   101 | D:1      | Found Vokimmuh's Antique Weapon Boutique.
   114 | D:1      | Reached XP level 2. HP: 29/29 MP: 1/1
   295 | D:1      | Found a faded altar of an unknown god.
   312 | D:1      | Reached XP level 3. HP: 37/37 MP: 2/2
  1384 | D:3      | Found Rale's Weapon Emporium.
  1572 | D:3      | Reached XP level 4. HP: 45/45 MP: 3/3
  1594 | D:3      | Noticed Terence
  1596 | D:3      | Noticed an ogre
  1606 | D:3      | Killed Terence
  1613 | D:3      | Killed an ogre
  1614 | D:3      | Reached XP level 5. HP: 15/54 MP: 4/4
  1679 | D:3      | Noticed Sigmund
  1692 | D:3      | Killed Sigmund
  1692 | D:3      | Succumbed to Sigmund's poison

Illustrated notes

Levels and vault maps discovered:
D:1:      amcnicky_arrival_double_pillar, layout_loops_ring, serial_shops, shop,
          ebering_ecumenical_altar_ruins
D:2:      layout_basic, chequers_serial_rivers_micro_e, hex_tiny, minmay_puff
D:3:      layout_basic, serial_shops, nicolae_shop_crystal, serial_forest,
          infiniplex_forest_lined_room_3, infiniplex_forest_clump_C,
          infiniplex_forest_lined_room_, infiniplex_forest_end_3,
          infiniplex_forest_zigzag_1, infiniplex_forest_end_3,
          infiniplex_forest_clump_double, minmay_goblin_outpost, uniq_terence,
          uniq_sigmund, uniq_ijyb

Skill      XL: |  1  2  3  4 |
---------------+-------------+-----
Fighting       | 3 4 |  4.0
Unarmed Combat | 4 |  4.8
Dodging        | |  2.4
Stealth        | |  1.0

Action                   |  1- 3 |  4- 6 || total
-------------------------+-------+-------++-------
Melee: Unarmed           |   124 |    32 ||   156
       Punch             |     3 |     3 ||     6
 Stab: Sleeping          |     8 |       ||     8
Armor: Robe              |    34 |     2 ||    36
Dodge: Dodged            |    33 |    18 ||    51
